 Dungeon Crawl Stone Soup version 0.22.1-2-g9c5b331 (webtiles) character file.

7319 Fang the Cleaver (level 11, -4/69 HPs)
             Began as a Gargoyle Berserker on Dec 5, 2018.
             Was a High Priest of Trog.
             Hit by a large rock thrown by a cyclops (23 damage)
             ... on level 11 of the Dungeon.
             The game lasted 00:12:53 (8871 turns).

Fang the Cleaver (Gargoyle Berserker)               Turns: 8871, Time: 00:12:53

Health: -4/69      AC: 26    Str: 24    XL:     11   Next: 13%
Magic:  0/11       EV:  8    Int:  8    God:    Trog [*****.]
Gold:   608        SH:  0    Dex:  9    Spells: 10/10 levels left

rFire    . . .     SeeInvis .   B - +2 hand axe (elec)
rCold    + . .     Gourm    .   (no shield)
rNeg     + . .     Faith    .   L - +1 plate armour {rC+}
rPois    ∞         Spirit   +   M - +2 helmet
rElec    +         Reflect  .   h - scarf {Spirit}
rCorr    .         Harm     .   (no gloves)
MR       +....                  (no boots)
Stlth    ..........             m - amulet of guardian spirit
HPRegen  0.61/turn              o - ring of protection from magic
MPRegen  0.12/turn              (no ring)

@: no status effects
A: negative energy resistance 1, regeneration 1, electricity resistance, wild
magic 1, unbreathing, petrification resistance, rot immunity, MP-powered wands,
AC +8
a: Berserk, Trog's Hand, Brothers in Arms, Renounce Religion


You were on level 11 of the Dungeon.
You worshipped Trog.
Trog was extremely pleased with you.
You were very hungry.

You visited 3 branches of the dungeon, and saw 13 of its levels.
You also visited: Bailey.

You collected 608 gold pieces.

Inventory:

Hand Weapons
 b - a +1 war axe
 B - a +2 hand axe of electrocution (weapon)
Armour
 h - a scarf of spirit shield (worn)
 L - a +1 plate armour of cold resistance (worn)
 M - a +2 helmet (worn)
Jewellery
 m - an amulet of guardian spirit (around neck)
 o - a ring of protection from magic (left hand)
Wands
 D - a wand of iceblast (9)
 H - a wand of disintegration (13)
 I - a wand of random effects (21)
Scrolls
 d - 2 scrolls of fog
 g - 5 scrolls of remove curse
 j - 5 scrolls of magic mapping
 n - 2 scrolls of identify
 r - 4 scrolls of teleportation
 y - a scroll of fear
Potions
 a - a potion of berserk rage
 f - 3 potions of ambrosia
 i - 3 potions of heal wounds
 s - 2 potions of magic
 u - a potion of resistance
 v - a potion of cancellation
 w - 2 potions of lignification
 z - 2 potions of brilliance
 C - a potion of curing
 G - 2 potions of flight
 K - a potion of haste
Miscellaneous
 e - a lamp of fire
Comestibles
 c - 15 rations


   Skills:
 + Level 8.8 Fighting
 + Level 11.1 Axes
 + Level 9.2 Armour
 + Level 3.7 Dodging
 + Level 2.2 Stealth


You had 10 spell levels left.
You didn't know any spells.
Your spell library was empty.

Dungeon Overview and Level Annotations

Branches:
Dungeon (11/15)            Temple (1/1) D:4            Lair (0/6) D:10
    Orc (1/2) D:9

Altars:
Ashenzari
Elyvilon
Gozag
Makhleb
Okawaru
Ru
Trog
Beogh

Shops:
D:4 :   D:8 *   D:11 *


Innate Abilities, Weirdness & Mutations

You are resistant to torment.
Your stone body is resilient. (AC +8)
You are immune to poison.
You resist negative energy. (rN+)
You are resistant to electric shocks. (rElec)
You can survive without breathing.
You are immune to petrification.
You are immune to rotting.
Your natural rate of healing is unusually fast.
Your spells are a little harder to cast, but a little more powerful.
You expend magic power (3 MP) to strengthen your wands.


Message History

Found 18 sling bullets.
You now have 608 gold pieces (gained 18).
You see here 18 sling bullets.
A cyclops comes into view.
The cyclops shouts!
The cyclops throws a large rock.
The large rock hits you!!
You see here a large rock.
A cyclops is nearby!
A cyclops is nearby!
The cyclops throws a large rock.
The large rock hits you!!
* * * LOW HITPOINT WARNING * * *
Found a stone staircase leading down.
You see here a large rock.
You are too injured to fight recklessly!
You are too injured to fight recklessly!
You are too injured to fight recklessly!
You are too injured to fight recklessly!
You are too injured to fight recklessly!
The cyclops throws a large rock.
The large rock hits you!!
You die...

#.. #.. .# #.. .# .. .#
#. .# #.##.# #########
#..#.#
#####.......####(#.###.#.
....+..........(@(......>
...#..).....###.#.######
#.#........# #.#..C
###...######.# #.#####
.......# #.# #.# ...#...#
#.# ... <# .......# #.#
..# #. .≈.∩.§.## #.# ..#
#.## ........####.# #...


You could see a cyclops.

Vanquished Creatures
  Harold (D:8)
  A two-headed ogre (D:9)
  An unseen horror (D:10)
  An ugly thing (D:11)
  Joseph (D:7)
  A merfolk (D:9)
  2 wargs (D:10)
  5 orc warriors
  2 ice beasts
  A black bear (D:8)
  6 ogres
  3 phantoms
  A crocodile (D:10)
  2 centaurs
  2 bullfrogs
  2 scorpions
  12 wights
  A howler monkey (D:7)
  3 crimson imps
  A centaur zombie (D:6)
  6 orc priests
  3 orc wizards (D:9)
  2 quasits
  A gnoll shaman (D:4)
  3 hounds
  Jessica (D:2)
  2 iguanas (D:9)
  5 worker ants
  A hound skeleton (D:5)
  Robin (D:2)
  2 worker ant zombies
  13 adders
  7 gnolls
  A shadow imp (D:6)
  3 oozes
  A worm (D:3)
  4 dart slugs
  5 leopard geckos
  25 orcs
  4 giant cockroaches
  18 goblins
  8 hobgoblins
  21 jackals
  5 kobolds
  7 quokkas
  A ball python (D:3)
  10 bats
  4 frilled lizards
  A jackal skeleton (D:7)
  A leopard gecko skeleton (D:6)
  A leopard gecko zombie (D:5)
  A quokka skeleton (D:4)
  6 rats
223 creatures vanquished.

Vanquished Creatures (collateral kills)
  A hydra (D:11)
  3 orc warriors (D:9)
  9 orcs (D:9)
13 creatures vanquished.

Grand Total: 236 creatures vanquished

Notes
Turn   | Place    | Note
-------+----------+-------------------------------------------
     0 | D:1      | Fang the Gargoyle Berserker began the quest for the Orb.
     0 | D:1      | Reached XP level 1. HP: 14/14 MP: 1/1
    51 | D:1      | Reached XP level 2. HP: 8/19 MP: 2/2
   274 | D:1      | Reached skill level 3 in Axes
   411 | D:1      | Reached XP level 3. HP: 18/24 MP: 3/3
   582 | D:1      | Reached ** piety under Trog
   976 | D:2      | Reached XP level 4. HP: 23/29 MP: 1/4
  1393 | D:2      | Found a faded altar of an unknown god.
  1412 | D:2      | Reached skill level 4 in Axes
  1489 | D:2      | Noticed Jessica
  1493 | D:2      | Killed Jessica
  1493 | D:2      | Reached XP level 5. HP: 33/33 MP: 5/5
  1675 | D:2      | Noticed Robin
  1692 | D:2      | Killed Robin
  1790 | D:2      | Reached *** piety under Trog
  2552 | D:3      | Reached XP level 6. HP: 37/39 MP: 4/6
  2885 | D:4      | Reached skill level 5 in Axes
  2940 | D:4      | Found Huquur's Book Shop.
  2975 | D:4      | Reached **** piety under Trog
  3084 | D:4      | Found a staircase to the Ecumenical Temple.
  3098 | D:4      | Reached XP level 7. HP: 44/44 MP: 4/7
  3139 | Temple   | Entered the Ecumenical Temple
  3454 | D:5      | Entered Level 5 of the Dungeon
  3715 | D:5      | Reached skill level 5 in Fighting
  3715 | D:5      | Reached skill level 6 in Axes
  3945 | D:5      | Reached XP level 8. HP: 33/50 MP: 4/8
  4347 | D:5      | Reached skill level 7 in Axes
  4797 | D:6      | Reached skill level 1 in Stealth
  5083 | D:7      | Noticed Joseph
  5100 | D:7      | Killed Joseph
  5100 | D:7      | Reached skill level 8 in Axes
  5100 | D:7      | Reached skill level 5 in Armour
  5100 | D:7      | Reached XP level 9. HP: 36/56 MP: 4/9
  5783 | D:7      | Reached ***** piety under Trog
  6205 | D:8      | Reached skill level 9 in Axes
  6275 | D:8      | Found a bloodstained altar of Trog.
  6695 | D:8      | Noticed Harold
  6706 | D:8      | Killed Harold
  6760 | D:8      | Found Jouqat's Assorted Antiques.
  6843 | D:9      | Reached XP level 10. HP: 63/63 MP: 10/10
  6912 | D:9      | Noticed a two-headed ogre
  6919 | D:9      | Killed a two-headed ogre
  6919 | D:9      | Reached skill level 10 in Axes
  6967 | D:9      | Received a gift from Trog
  6994 | D:9      | Found a roughly hewn altar of Beogh.
  6994 | D:9      | Found a staircase to the Orcish Mines.
  7857 | D:10     | Entered Level 10 of the Dungeon
  7958 | D:10     | Found a staircase to the Lair.
  8114 | Orc:1    | Entered Level 1 of the Orcish Mines
  8218 | D:10     | Found a flagged portal.
  8247 | Bailey   | Entered a bailey
  8247 | Bailey   | Noticed an orc knight
  8248 | Bailey   | Noticed an orc knight
  8315 | D:10     | Identified a scroll of acquirement
  8318 | D:10     | Got an ancient triple crossbow
  8374 | D:10     | Gained mutation: You have an increased reservoir of magic.
                  | (+10% MP) [potion of mutation]
  8374 | D:10     | Gained mutation: You are frail. (-10% HP) [potion of
                  | mutation]
  8374 | D:10     | Gained mutation: Your muscles are strong. (Str +2) [potion
                  | of mutation]
  8375 | D:10     | Lost mutation: You are frail. (-10% HP) [potion of
                  | mutation]
  8375 | D:10     | Lost mutation: You have an increased reservoir of magic.
                  | (+10% MP) [potion of mutation]
  8375 | D:10     | Lost mutation: Your muscles are strong. (Str +2) [potion of
                  | mutation]
  8375 | D:10     | Gained mutation: You expend magic power (3 MP) to
                  | strengthen your wands. [potion of mutation]
  8375 | D:10     | Gained mutation: Your natural rate of healing is unusually
                  | fast. [potion of mutation]
  8375 | D:10     | Gained mutation: Your spells are a little harder to cast,
                  | but a little more powerful. [potion of mutation]
  8548 | D:10     | Killed an unseen horror
  8744 | D:11     | Noticed a red ugly thing
  8763 | D:11     | Killed a red ugly thing
  8763 | D:11     | Reached skill level 11 in Axes
  8763 | D:11     | Reached XP level 11. HP: 59/69 MP: 8/11
  8811 | D:11     | Noticed an eight-headed hydra
  8817 | D:11     | Killed a nine-headed hydra
  8844 | D:11     | Found Tengeinu's Elemental Accessories.
  8869 | D:11     | Noticed a cyclops
  8871 | D:11     | Hit by a large rock thrown by a cyclops

Skill      XL: |  1  2  3  4  5  6  7  8  9 10 11 |
---------------+----------------------------------+-----
Axes           | 3 4 5 6 8 9 11 | 11.1
Fighting       | 4 5 6 7 8 |  8.8
Dodging        | 2 3 |  3.7
Armour         | 3 5 6 8 9 |  9.2
Stealth        | 1 2 |  2.2

Action                   |  1- 3 |  4- 6 |  7- 9 | 10-12 || total
-------------------------+-------+-------+-------+-------++-------
Melee: Hand axe          |   106 |   220 |   137 |   176 ||   639
       War axe           |       |    40 |   156 |       ||   196
Invok: Berserk           |     1 |     3 |     3 |     3 ||    10
       Brothers in Arms  |       |       |       |     3 ||     3
  Use: Scroll            |       |       |       |    23 ||    23
       Potion            |       |       |       |     3 ||     3
 Stab: Sleeping          |       |     1 |       |       ||     1
  Eat: Chunk             |     1 |     9 |    15 |    10 ||    35
Armor: Animal skin       |    41 |    42 |       |       ||    83
       Chain mail        |       |    99 |   157 |    66 ||   322
       Plate armour      |       |       |       |    49 ||    49
Dodge: Dodged            |    67 |   167 |   129 |    63 ||   426
